 Dungeon Crawl Stone Soup version 0.28.0-1-gb440e238dd (webtiles) character file.

Game seed: 16160087346557694677

4710 theElss the Basher (level 10, -13/97 HPs)
             Began as a Gargoyle Berserker on Feb 22, 2022.
             Was an Elder of Trog.
             Mangled by an orc warrior (20 damage)
             ... in a bailey.
             The game lasted 00:18:46 (8601 turns).

theElss the Basher (Gargoyle Berserker)             Turns: 8601, Time: 00:18:47

Health: -13/97     AC: 24    Str: 22    XL:     10   Next: 45%
Magic:  0/10       EV:  8    Int: 13    God:    Trog [****..]
Gold:   257        SH:  0    Dex:  9    Spells: 9/9 levels left

rFire   + . .      SeeInvis .   a - +3 whip (venom)
rCold   . . .      Faith    .   (no shield)
rNeg    + . .      Spirit   +   h - +0 plate armour
rPois   ∞          Reflect  .   B - +0 helmet
rElec   +          Harm     .   e - +0 cloak
rCorr   .          Rampage  .   (no gloves)
Will    +....                   A - +0 pair of boots
Stlth   ..........              g - amulet of guardian spirit
HPRegen 0.26/turn               i - ring of protection from fire
MPRegen 0.12/turn               E - ring of Icoluu {rElec Will+ Int+4 Dex-2 Stlth+}

@: berserking (expiring), very quick
A: sickness immunity, AC +7, negative energy resistance 1, electricity
resistance, torment resistance 1, petrification resistance
a: Renounce Religion, Berserk, Trog's Hand, Brothers in Arms


You were in a bailey.
You worshipped Trog.
Trog was greatly pleased with you.
You visited 2 branches of the dungeon, and saw 10 of its levels.
You also visited: Bailey.

You collected 383 gold pieces.
You spent 126 gold pieces at shops.

Inventory:

Hand Weapons
 a - a +3 whip of venom (weapon)
 b - a +3 flail of protection
Armour
 e - a +0 cloak (worn)
 h - a +0 plate armour (worn)
 A - a +0 pair of boots (worn)
 B - a +0 helmet (worn)
Jewellery
 g - an amulet of guardian spirit (around neck)
 i - a ring of protection from fire (left hand)
 j - a +6 ring of strength
 E - the ring of Icoluu (right hand) {rElec Will+ Int+4 Dex-2 Stlth+}
   (You found it on level 8 of the Dungeon)

   [ring of willpower]

   Int:       It affects your intelligence (+4).
   Dex:       It affects your dexterity (-2).
   rElec:     It insulates you from electricity.
   Will:      It increases your willpower.
   Stlth:     It makes you more stealthy.
 H - a ring of flight
Wands
 l - a wand of flame (37)
 C - a wand of iceblast (18)
 F - a wand of paralysis (11)
Scrolls
 f - 2 scrolls of torment {unknown}
 m - 2 scrolls of amnesia {unknown}
 n - 4 scrolls of fear {unknown}
 p - a scroll of noise {unknown}
 q - a scroll of magic mapping {unknown}
 r - 2 scrolls of vulnerability
 v - 3 scrolls of fog {unknown}
 w - a scroll of teleportation {unknown}
 y - 4 scrolls of enchant armour {unknown}
 z - a scroll of enchant weapon {unknown}
 D - a scroll of holy word {unknown}
Potions
 c - a potion of berserk rage {unknown}
 d - 4 potions of might {unknown}
 k - 2 potions of brilliance {unknown}
 o - 2 potions of lignification
 s - 8 potions of curing
 t - 3 potions of heal wounds
 u - a potion of mutation {unknown}
 x - 2 potions of attraction {unknown}
 G - a potion of flight {unknown}


   Skills:
 + Level 8.4 Fighting
 * Level 9.3 Maces & Flails
 + Level 8.1 Armour
 + Level 6.1 Dodging


You had 9 spell levels left.
You didn't know any spells.
Your spell library was empty.

Dungeon Overview and Level Annotations

Branches:
Dungeon (9/15)             Temple (1/1) D:7          Bailey (1/1)
   Lair: D:8-11         Orc: D:9-12

Altars:
Ashenzari
Cheibriados
Gozag
Hepliaklqana
Kikubaaqudgha
Makhleb
Nemelex Xobeh
Okawaru
Qazlal
Sif Muna
Trog
Uskayaw
Vehumet
Yredelemnul

Shops:
D:2 [   D:7 *

Annotations:
D:7 1 exclusion


Innate Abilities, Weirdness & Mutations

You are immune to sickness and miasma.
Your stone body is resilient. (AC +7)
You are immune to poison.
You resist negative energy. (rN+)
You are resistant to electric shocks. (rElec)
You are resistant to unholy torment.
You are immune to petrification.


Message History

You closely miss the orc knight.
The orc knight is heavily wounded.
You whack the orc knight!
The orc knight looks as sick as possible!
The orc knight is severely wounded.
The orc warrior hits you with a +0 battleaxe!!
* * * LOW HITPOINT WARNING * * *
The orc warrior hits you but does no damage.
You whack the orc knight!
The orc knight looks as sick as possible!
The orc knight is almost dead.
The orc knight hits you but does no damage.
You whack the orc knight!
You kill the orc knight!
Trog accepts your kill.
The orc warrior hits you with a +0 battleaxe!!
* * * LOW HITPOINT WARNING * * *
Your Armour skill increases to level 8!
Your Dodging skill increases to level 6!
You barely miss the orc warrior.
The orc warrior hits you but does no damage.
You whack the orc warrior!
The orc warrior is poisoned.
The orc warrior is moderately wounded.
You whack the orc warrior!
The orc warrior is severely wounded.
The orc warrior completely misses you.
The orc warrior hits you but does no damage.
You whack the orc warrior!
The orc warrior is moderately wounded.
You closely miss the orc warrior.
The orc warrior is moderately wounded.
The orc warrior hits you but does no damage.
The orc warrior hits you with a +0 hand axe.
* * * LOW HITPOINT WARNING * * *
You whack the orc warrior!
The orc warrior is severely wounded.
You closely miss the orc warrior.
The orc warrior is severely wounded.
The orc warrior hits you with a +0 battleaxe!!
You die...

#.8#
#..#
##)#
#..#
#..#
#..#
#..#
#..#
#@##
#.o)o#
#....#
###..#
+...
####≈
≈ ≈


You could see 2 orc warriors.

Vanquished Creatures
  An orc knight (Bailey)
  A hornet (D:8)
  Sigmund (D:2)
  A wraith (D:9)
  Eustachio (D:4)
  2 steam dragons
  An acid dragon (D:7)
  4 water moccasins
  4 sky beasts
  2 black bears
  2 orc warriors
  3 ogres
  A necrophage (D:6)
  A centaur (D:5)
  2 kobold brigands (D:6)
  A bullfrog (D:7)
  A water moccasin zombie (D:6)
  A scorpion (D:4)
  A water moccasin skeleton (D:4)
  8 wights
  An electric eel (Bailey)
  7 howler monkeys
  2 bullfrog zombies
  An orc priest (D:5)
  Crazy Yiuf (D:2)
  A jelly (D:6)
  A bullfrog skeleton (D:6)
  Terence (D:2)
  7 orc wizards
  A hound skeleton (D:4)
  A howler monkey zombie (D:8)
  7 gnolls
  6 adders
  A white imp (D:6)
  2 worms
  A dart slug (D:3)
  26 orcs
  8 endoplasms
  3 giant cockroaches
  19 goblins
  7 hobgoblins
  6 jackals
  7 quokkas
  3 ball pythons
  4 bats
  2 frilled lizards (D:1)
  19 kobolds
  5 rats
189 creatures vanquished.

Vanquished Creatures (others)
  A howler monkey (D:9)
  An orc wizard (D:7)
  2 fungi (D:9)
4 creatures vanquished.

Grand Total: 193 creatures vanquished

Notes
Turn   | Place    | Note
-------+----------+-------------------------------------------
     0 | D:1      | theElss the Gargoyle Berserker began the quest for the Orb.
     0 | D:1      | Reached XP level 1. HP: 14/14 MP: 1/1
    56 | D:1      | Reached XP level 2. HP: 13/19 MP: 2/2
   427 | D:1      | Reached XP level 3. HP: 17/23 MP: 3/3
  1070 | D:2      | Noticed Terence
  1078 | D:2      | Killed Terence
  1079 | D:2      | Reached XP level 4. HP: 29/29 MP: 4/4
  1215 | D:2      | Reached ** piety under Trog
  1442 | D:2      | Found Qiydae's Armour Boutique.
  1478 | D:2      | Found a faded altar of an unknown god.
  1510 | D:2      | Found a runed translucent door.
  1511 | D:2      | Noticed Crazy Yiuf
  1545 | D:2      | Noticed Sigmund
  1567 | D:2      | Killed Sigmund
  1568 | D:2      | Reached skill level 4 in Maces & Flails
  1568 | D:2      | Reached XP level 5. HP: 34/34 MP: 5/5
  1568 | D:2      | Reached XP level 6. HP: 39/39 MP: 6/6
  1789 | D:2      | Killed Crazy Yiuf
  2004 | D:3      | Noticed a water moccasin
  2018 | D:3      | Killed a water moccasin
  2053 | D:3      | Noticed a water moccasin
  2060 | D:3      | Killed a water moccasin
  2061 | D:3      | Reached skill level 5 in Fighting
  2061 | D:3      | Reached XP level 7. HP: 43/44 MP: 7/7
  2595 | D:3      | Identified the +7 spear of Jineap {venom, rPois Str+4}
  2718 | D:4      | Reached skill level 5 in Maces & Flails
  2748 | D:4      | Found an ancient bone altar of Kikubaaqudgha.
  2818 | D:4      | Found a hazy altar of Hepliaklqana.
  3147 | D:4      | Found a basalt altar of Yredelemnul.
  3156 | D:4      | Found a snail-covered altar of Cheibriados.
  3379 | D:4      | Noticed Eustachio
  3388 | D:4      | Killed Eustachio
  3389 | D:4      | Reached skill level 5 in Armour
  3393 | D:4      | Reached XP level 8. HP: 51/51 MP: 8/8
  3561 | D:5      | Entered Level 5 of the Dungeon
  3587 | D:5      | Found a sparkling altar of Nemelex Xobeh.
  3725 | D:5      | Found a stormy altar of Qazlal.
  3933 | D:5      | Found an iron altar of Okawaru.
  4714 | D:6      | Reached skill level 6 in Maces & Flails
  4872 | D:6      | Reached *** piety under Trog
  4963 | D:6      | Reached XP level 9. HP: 47/56 MP: 7/9
  5153 | D:6      | You fall into a shaft and drop 1 floor!
  5153 | D:7      | Found a hide-covered altar of Uskayaw.
  5222 | D:7      | Reached skill level 7 in Maces & Flails
  5394 | D:7      | Reached skill level 5 in Dodging
  5430 | D:7      | Found a staircase to the Ecumenical Temple.
  5476 | Temple   | Entered the Ecumenical Temple
  5680 | D:7      | Found a shimmering blue altar of Sif Muna.
  5844 | D:7      | Found Gozag's Platinum Reserve.
  5937 | D:7      | Found a radiant altar of Vehumet.
  6288 | D:7      | Found a burning altar of Makhleb.
  6447 | D:7      | Found an opulent altar of Gozag.
  6615 | D:2      | Bought a +0 pair of boots for 63 gold pieces
  6615 | D:2      | Bought a +0 helmet for 63 gold pieces
  6752 | D:6      | Reached skill level 8 in Maces & Flails
  6788 | D:6      | Reached **** piety under Trog
  7300 | D:8      | Reached XP level 10. HP: 51/64 MP: 8/10
  7699 | D:8      | Identified the ring of Icoluu {rElec Will+ Int+4 Dex-2
                  | Stlth+}
  7773 | D:8      | Found a bloodstained altar of Trog.
  8230 | D:8      | Found a broken altar of Ashenzari.
  8282 | D:9      | Reached skill level 9 in Maces & Flails
  8388 | D:9      | Found a flagged portal.
  8397 | Bailey   | Entered a bailey
  8582 | Bailey   | Noticed an orc knight
  8594 | Bailey   | Killed an orc knight
  8601 | Bailey   | Mangled by an orc warrior

Illustrated notes

Levels and vault maps discovered:
D:1:      onia_arrival_pyramid, layout_rooms
D:2:      layout_basic, ebering_ecumenical_altar_abandoned, serial_shops, shop,
          uniq_crazy_yiuf_cottage, uniq_terence, uniq_sigmund
D:3:      layout_basic
D:4:      layout_cave_pods, amcnicky_altar_gilded, nzn_hepliaklqana_mist_gate,
          mainiacjoe_overflow_swirl, uniq_eustachio
D:5:      layout_rooms, nemelex_xobeh_ov_fountains_minmay,
          mainiacjoe_overflow_chevrons, nicolae_qazlal_eye_of_the_storm,
          serial_co_window_serial, co_window_corner_a, co_window_corner_a,
          co_window_paths_a, co_window_of_opportunity_a, co_window_corner_a,
          co_window_corner_a, co_window_paths_b, co_window_unsneaky_path_e,
          co_window_cross_2, co_window_corner_b, co_window_corner_b,
          co_window_paths_c, co_window_paths_c, co_window_paths_c,
          co_window_paths_d, glass_columns_b, glass_columns_a, glass_columns_b
D:6:      layout_cave_pools, minmay_ogre_servants
D:7:      layout_loops_cross, nicolae_gozag_zags_fifth_avenue,
          nicolae_vehumet_radiance, nicolae_uskayaw_murder_on_the_dancefloor,
          tgw_sif, mainiacjoe_overflow_brackets, minmay_temple_entry_slanted
D:8:      layout_basic, mainiacjoe_overflow_alcove_1, trog_hazing_becter,
          hellmonk_bongcloud_opening
D:9:      layout_stronghold, grunt_lair_entry_orc_guard_hut, enter_bailey_2,
          hangedman_tell_no_tales, uniq_maurice
Temple:   corrupted_temple
Bailey:   bailey_axe_of_yendor_kennysheep, bailey

Skill      XL: |  1  2  3  4  5  6  7  8  9 10 |
---------------+-------------------------------+-----
Dodging        | 2 3 4 5 6 |  6.1
Armour         | 3 4 5 6 7 8 |  8.1
Fighting       | 4 5 6 7 8 |  8.4
Maces & Flails | 4 5 6 8 9 |  9.3

Action                   |  1- 3 |  4- 6 |  7- 9 | 10-12 || total
-------------------------+-------+-------+-------+-------++-------
Melee: Mace              |    92 |     7 |       |       ||    99
       Flail             |       |    64 |   145 |       ||   209
       Punch             |       |       |     5 |     1 ||     6
       Whip              |       |       |   247 |   166 ||   413
Invok: Berserk           |     3 |     3 |     4 |     3 ||    13
  Use: Scroll            |       |       |     4 |       ||     4
Armor: Animal skin       |    27 |       |       |       ||    27
       Plate armour      |    15 |    48 |   227 |    94 ||   384
Dodge: Dodged            |    71 |    35 |   144 |    50 ||   300
